Map: Coda EC

Players

ManMountain

  • Race: Zerg Zerg
  • League: Grandmaster

AgCl - Winner!

  • Race: Protoss Protoss
  • League: Grandmaster

VOD

Have the link to the VOD?

Description

Time

  • Played on: June 5, 2015, 8:49 p.m.
  • Length: 14:19
Show
View Real Time Build Order
Export as new Build Order

ManMountain Zerg 

Build Orders: Pool First 

Get SALT Encoding   

  12  0:18  Spawning Pool  
  11  0:22  Drone  
  11  0:26  Extractor  
  11  0:30  Drone  
  11  0:34  Drone  
  13  0:39  Drone  
  14  0:50  Overlord  
  14  1:08  Queen  
  14  1:11  Drone  
  17  1:14  Drone  
  18  1:21  Drone  
  19  1:27  Zergling x2  
  20  1:32  Metabolic Boost  
  20  1:38  Zergling x2  
  21  2:07  Hatchery  
  20  2:12  Lair  
  20  2:27  Zergling x4  
  21  2:55  Overlord  
  21  2:56  Overlord  
  21  3:02  Extractor  
  20  3:07  Drone x2  
  22  3:16  Roach Warren  
  22  3:17  Hydralisk Den  
  20  3:21  Queen  
  22  3:29  Drone  
  22  3:31  Drone  
  24  3:39  Lurker Den  
  24  3:58  Drone x2  
  27  4:02  Drone  
  27  4:07  Drone  
  28  4:27  Queen  
  28  4:29  Hydralisk  
  21  4:43  Spore Crawler  
  19  4:47  Spore Crawler  
  18  5:07  Drone x2  
  18  5:08  Drone  
  21  5:22  Drone  
  22  5:33  Drone x2  
  24  5:51  Drone  
  24  5:52  Drone x2  
  24  5:54  Drone  
  28  6:05  Hydralisk  
  30  6:11  Drone x2  
  32  6:28  Drone x5  
  36  6:48  Drone x6  
  36  6:49  Drone x2  
  44  7:03  Overlord x2  
  44  7:05  Overlord  
  44  7:09  Overseer  
  44  7:23  Drone x3  
  44  7:24  Drone  
  44  7:26  Drone x2  
  50  7:30  Drone  
  50  7:31  Drone  
  50  7:34  Drone x3  
  55  7:52  Extractor  
  55  7:53  Extractor  
  55  7:56  Queen  
  55  7:58  Queen  
  55  8:02  Hydralisk x4  
  55  8:03  Hydralisk  
  55  8:05  Hatchery  
  66  8:09  Overlord  
  66  8:11  Evolution Chamber  
  65  8:25  Spore Crawler  
  64  8:31  Spore Crawler  
  63  8:56  Drone  
  63  8:57  Drone x2, Overlord x3  
  63  8:58  Overlord x2  
  66  9:08  Zerg Missile Weapons Level 1  
  66  9:09  Glial Reconstitution, Muscular Augments  
  66  9:10  Evolution Chamber  
  66  9:11  Overlord x2  
  66  9:12  Overlord x3  
  65  9:23  Overseer  
  62  9:40  Drone  
  62  9:41  Drone x2  
  62  9:42  Drone x2  
  62  9:43  Drone x3  
  62  9:44  Overlord x2  
  70  9:58  Zergling x2  
  70  9:59  Queen  
  73  10:03  Queen  
  73  10:04  Drone x5  
  73  10:05  Drone x3  
  83  10:09  Zerg Melee Weapons Level 1  
  83  10:13  Hydralisk  
  83  10:16  Infestation Pit  
  83  10:20  Spore Crawler  
  83  10:22  Spine Crawler  
  83  10:23  Drone x2  
  84  11:08  Overlord  
  84  11:09  Overlord x3  
  84  11:11  Hydralisk x6  
  84  11:12  Hydralisk x2, Roach x5  
  110  11:42  Extractor  
  110  11:43  Hatchery, Overlord x2, Extractor  
  110  11:44  Drone x2  
  110  11:46  Extractor x2  
  107  11:48  Hydralisk x4  
  107  11:49  Roach x3  
  107  11:51  Zerg Missile Weapons Level 2  
  107  11:52  Tunneling Claws  
  121  11:57  Hive  
  121  12:35  Hydralisk x3  
  121  12:36  Hydralisk x5, Roach x4  
  147  12:37  Roach x3  
  147  12:43  Pathogen Glands  
  151  12:52  Spire  
  150  13:02  Nydus Network  
  105  13:38  Hydralisk  
  105  13:39  Hydralisk x5, Roach x2  
  105  13:40  Hydralisk x2, Roach x5  
  105  13:41  Roach x2  
  93  13:47  Zergling x2  
  93  13:48  Zergling x4  
  96  13:55  Overseer x2  
Show
View Real Time Build Order
Export as new Build Order

AgCl Protoss - Winner!

Build Orders: Oracle Opening, Oracle Opening 

Get SALT Encoding   

  12  0:12  Pylon  
  12  0:16  Probe  
  13  0:30  Probe  
  14  0:40  Gateway  
  14  0:42  Probe  
  15  0:50  Assimilator  
  15  0:59  Pylon  
  15  1:00  Probe  
  16  1:12  Probe (Chrono Boost)  
  17  1:22  Probe (Chrono Boost)  
  18  1:29  Probe  
  19  1:34  Zealot (Chrono Boost)  
  19  1:39  Cybernetics Core  
  21  1:41  Probe  
  22  1:53  Probe  
  23  2:05  Gateway, Probe  
  23  2:08  Pylon  
  24  2:17  Probe  
  27  2:32  Stargate  
  27  2:33  Probe (Chrono Boost)  
  27  2:36  Assimilator  
  26  2:45  Probe (Chrono Boost)  
  27  2:55  Probe (Chrono Boost)  
  28  3:05  Mothership Core (Chrono Boost)  
  28  3:14  Pylon  
  28  3:15  Nexus  
  28  3:21  Oracle (Chrono Boost)  
  31  3:34  Forge  
  31  3:35  Probe  
  31  3:38  Warp Gate  
  32  3:42  Adept  
  32  3:47  Probe  
  35  3:59  Probe  
  36  4:05  Pylon  
  36  4:11  Probe, Pylon  
  37  4:23  Probe, Assimilator  
  38  4:31  Robotics Facility  
  38  4:35  Pylon  
  38  4:49  Probe (Chrono Boost)  
  40  4:54  Probe (Chrono Boost)  
  40  4:58  Probe (Chrono Boost)  
  41  5:01  Probe (Chrono Boost)  
  41  5:04  Assimilator  
  43  5:07  Void Ray  
  43  5:11  Probe (Chrono Boost)  
  43  5:12  Probe (Chrono Boost)  
  48  5:18  Observer  
  48  5:19  Probe (Chrono Boost)  
  50  5:25  Probe (Chrono Boost)  
  49  5:30  Probe (Chrono Boost)  
  50  5:37  Probe x2 (Chrono Boost)  
  51  5:43  Probe (Chrono Boost)  
  51  5:44  Protoss Air Weapons Level 1 (Chrono Boost)  
  51  5:48  Probe (Chrono Boost)  
  53  5:50  Fleet Beacon  
  53  5:55  Probe (Chrono Boost)  
  55  6:01  Probe (Chrono Boost)  
  55  6:02  Probe (Chrono Boost)  
  58  6:12  Probe (Chrono Boost), Stargate  
  58  6:13  Pylon  
  58  6:14  Probe (Chrono Boost)  
  58  6:17  Adept x2  
  58  6:18  Probe (Chrono Boost)  
  63  6:20  Carrier (Chrono Boost)  
  63  6:21  Probe  
  64  6:30  Probe  
  65  6:33  Probe  
  65  6:37  Graviton Catapult, Pylon  
  68  6:52  Nexus  
  68  6:53  Pylon  
  68  6:57  Probe  
  68  6:58  Carrier (Chrono Boost)  
  69  7:02  Photon Cannon  
  69  7:06  Twilight Council  
  69  7:10  Probe  
  76  7:17  Assimilator  
  76  7:18  Probe  
  77  7:22  Photon Cannon  
  77  7:23  Probe  
  78  7:30  Probe  
  78  7:31  Carrier (Chrono Boost)  
  79  7:50  Probe, Dark Shrine  
  86  7:53  Carrier (Chrono Boost)  
  86  7:56  Pylon  
  86  8:04  Protoss Air Weapons Level 2 (Chrono Boost)  
  88  8:07  Pylon  
  88  8:09  Probe  
  93  8:16  Probe  
  94  8:21  Probe  
  95  8:28  Probe  
  95  8:30  Carrier (Chrono Boost)  
  96  8:36  Stargate  
  96  8:37  Pylon  
  96  8:44  Assimilator  
  102  8:49  Probe  
  102  8:53  Probe  
  104  8:57  Phoenix (Chrono Boost)  
  104  8:59  Probe  
  104  9:01  Probe  
  108  9:05  Dark Templar  
  110  9:28  Probe  
  109  9:43  Carrier (Chrono Boost)  
  109  9:44  Carrier (Chrono Boost)  
  109  9:48  Gateway x2  
  109  9:51  Photon Cannon  
  109  9:52  Pylon  
  109  9:57  Carrier (Chrono Boost)  
  121  10:00  Protoss Air Weapons Level 3 (Chrono Boost)  
  121  10:04  Nexus  
  121  10:06  Assimilator  
  121  10:11  Assimilator  
  121  10:13  Pylon  
  127  10:18  Protoss Ground Weapons Level 1 (Chrono Boost)  
  127  10:23  Pylon  
  127  10:33  Pylon  
  127  10:37  Gateway  
  127  10:38  Gateway  
  127  10:45  Photon Cannon  
  127  10:49  Gateway  
  127  10:52  Gateway  
  127  10:53  Pylon  
  127  10:54  Pylon  
  127  10:56  Forge  
  127  11:06  Charge (Chrono Boost)  
  127  11:09  Templar Archives  
  127  11:13  Photon Cannon  
  127  11:16  Pylon  
  126  11:29  Photon Cannon  
  126  11:31  Pylon  
  126  11:40  Gateway  
  126  11:41  Gateway  
  126  11:42  Dark Templar x2  
  126  11:45  Dark Templar  
  132  11:47  Gateway, High Templar  
  132  11:51  Protoss Shields Level 1 (Chrono Boost)  
  132  11:53  Protoss Ground Weapons Level 2 (Chrono Boost)  
  134  12:07  Carrier (Chrono Boost)  
  134  12:08  Carrier (Chrono Boost)  
  134  12:12  High Templar  
  134  12:13  High Templar  
  138  12:17  Dark Templar  
  138  12:20  High Templar  
  142  12:26  Psionic Storm  
  142  12:28  Observer (Chrono Boost)  
  149  12:33  Adept  
  149  12:34  Adept  
  159  12:49  Gateway  
  159  12:54  Gateway, Pylon  
  159  12:56  Carrier (Chrono Boost)  
  159  13:43  Adept x4  
  167  13:56  Gateway  
  167  13:58  Gateway  
  167  14:00  Gateway  
  167  14:01  Gateway  
Tags
 
Add a new tag
Caveats
  • Supply blocks, unpowered buildings, or Contaminate may cause inaccurate times.
  • Supply counts are checked every 10 seconds.